 Dungeon Crawl Stone Soup version 0.31-a0-102-g33a4ccc0cb (webtiles) character file.

Game seed: 11910374894656286588

112 kae the Changer (level 4, -6/35 HPs)
             Began as a Draconian Transmuter on May 26, 2023.
             Was an Initiate of Ru.
             Killed from afar by an orc wizard (12 damage)
             ... with a puff of flame
             ... on level 3 of the Dungeon.
             The game lasted 00:02:02 (1805 turns).

kae the Changer (Draconian Transmuter)              Turns: 1805, Time: 00:02:02

Health: -6/35      AC:  2    Str: 11    XL:     4   Next: 63%
Magic:  3/8        EV: 19    Int: 19    God:    Ru [......]
Gold:   114        SH:  0    Dex: 16    Spells: 3/9 levels left

rFire   . .          .
                       - Unarmed
rCold   . . .        (shield currently unavailable)
rNeg    . . .        (body armour unavailable)
rPois   x            (helmet currently unavailable)
rElec   .            (cloak currently unavailable)
rCorr   .            (gloves currently unavailable)
SInv    .            (boots currently unavailable)
Will    .....        (no amulet)
Stlth   +            (no ring)
HPRegen 0.25/turn    (no ring)
MPRegen 0.11/turn

%: no passive effects
@: confused, spider-form
A: venomous fangs, AC +5, tiny, unfitting armour, (cold-blooded), clever 1, wild
magic 1
a: End Transformation, Renounce Religion


You were on level 3 of the Dungeon.
You worshipped Ru.
Ru was noncommittal.
You were a venomous arachnid creature.
You visited 1 branch of the dungeon, and saw 3 of its levels.

You collected 114 gold pieces.


Innate Abilities, Weirdness & Mutations

You are a venomous arachnid creature.
You have venomous fangs.
You are tiny and dextrous.
Your spellcasting is less reliable in this form.
Your armour is entirely melded.
You are incapable of wielding weapons or throwing items.
((Your plain brown scales are hard. (AC +5)))
You cannot fit into any form of body armour.
((You are cold-blooded and may be slowed by cold attacks.))
Your mind is acute. (Int +4, Str/Dex -1)
Your spells are a little harder to cast, but a little more powerful.


   Skills:
 - Level 1.1 Fighting
 - Level 1.7 Dodging
 - Level 3.0 Unarmed Combat
 + Level 3.0 Spellcasting
 * Level 4.1 Transmutations


You had 3 spell levels left.
You knew the following spells:

 Your Spells              Type           Power      Damage    Failure   Level
a - Beastly Appendage     Tmut           48%        N/A       14%         1
b - Wereblood             Tmut           24%        N/A       19%         2
c - Spider Form           Tmut/Pois      12%        N/A       52%         3

Your spell library contained the following spells:

 Spells                   Type           Power      Damage    Failure   Level
 Shock                    Conj/Air       4%         1d3       47%         1
 Swiftness                Air            3%         N/A       71%         3
 Ice Form                 Ice/Tmut       12%        N/A       85%         4
 Airstrike                Air            1%         2d(1-17)  96%         4

Inventory:

Missiles
 i - 10 poisoned darts
 j - 7 stones
Scrolls
 c - a scroll of enchant weapon {unknown}
 d - a scroll of fear {unknown}
 e - 4 scrolls of identify {unknown}
 f - a scroll of teleportation {@r4}
 g - a scroll of acquirement {unknown}
 h - a scroll of noise {unknown}
Potions
 a - a potion of lignification {!q}
 b - a potion of mutation {!q}

Dungeon Overview and Level Annotations

Branches:
Dungeon (3/15) Zot: 16198

Altars:
Ru

Shops:
D:1

[
.......................[...
...........#####...........
................>..........
...........#####.##........
.........### #...))##.
.......### #####)##
........###########...#
#.............{...).###
#.........#####.s####
#......#### ##.#### #######
#....####### ####.......#
#######..


There were no monsters in sight!


Message History

Things that are here:
a +0 whip; a +0 leather armour; an orc corpse
Things that are here:
a +0 hand axe; a +0 leather armour Your primal bloodlust has ended.
Things that are here:
a +2 flail of protection; an orc corpse; 😮 HP[+1] MP[+1]
You start resting. 😮 HP[+4] MP[+2]
You regained 4 hp, and now have 25/35 hp.
Your mp is fully restored (8).
You start resting.
Your transformation is almost over. 😕 HP[+4]
You regained 4 hp, and now have 29/35 hp.
Your horns disappear.
Your talons disappear.
The orc wizard shouts! 😎 HP[+6]
Your hp is fully restored (35).
Unknown command.
An orc wizard is nearby!
An orc wizard is nearby!
Casting: Beastly Appendage (safe; 4% risk of failure)
Confirm with . or Enter, or press ? or * to list all spells.
The spell is quite dangerous to miscast (30% risk of failure)!
Continue anyway? [Y]es or [N]o only, please.
The spell is quite dangerous to miscast (30% risk of failure)!
Continue anyway?
You miscast Spider Form.
You are very lightly contaminated with residual magic.
You feel rather nauseous for a moment!
You are poisoned.
You feel sick. 😕 HP[-7] MP[-3]
You take 7 damage, and now have 28/35 hp.
You lost 3 mp, and now have 5/8 mp.
Casting: Spider Form (quite dangerous; 30% risk of failure)
Confirm with . or Enter, or press ? or * to list all spells.
The spell is quite dangerous to miscast (30% risk of failure)!
Continue anyway? [Y]es or [N]o only, please.
The spell is quite dangerous to miscast (30% risk of failure)!
Continue anyway?
You turn into a venomous arachnid creature.
You feel sick. 😕 HP[-1] MP[-3]
You take 1 damage, and now have 27/35 hp.
You lost 3 mp, and now have 2/8 mp.
Unknown command.
You feel sick. 😮 HP[-1]
You take 1 damage, and now have 26/35 hp.
You feel sick.
The orc wizard gestures wildly while chanting.
The orc wizard flickers and vanishes! 😮 HP[-1]
You take 1 damage, and now have 25/35 hp.
You feel sick.
You are no longer poisoned.
Something barely misses you.
Unknown command.
You hit something. Something hits you. 😮 HP[-2]
You take 2 damage, and now have 23/35 hp.
You completely miss something. Something hits you. 😮 HP[-2]
You take 2 damage, and now have 21/35 hp.
You completely miss something. Something hits you.
Unknown command. 😮 HP[-3]
You take 3 damage, and now have 18/35 hp.
You hit something but do no damage. Something hits you.
* * * LOW HITPOINT WARNING * * *
😨 HP[-1] MP[+1]
You take 1 damage, and now have 17/35 hp.
You barely miss something.
You hear some strange, mumbled words.
A magic dart appears from out of thin air!
The magic dart hits you!
* * * LOW HITPOINT WARNING * * *
😱 HP[-9]
You take 9 damage, and now have 8/35 hp.
MASSIVE DAMAGE!! (PAUSE)
You closely miss something. Something hits you.
* * * LOW HITPOINT WARNING * * *
😱 HP[-1]
You take 1 damage, and now have 7/35 hp.
You hit something.
You hear some strange, mumbled words.
You are confused.
Something hits you.
* * * LOW HITPOINT WARNING * * *
Your magical contamination has completely faded away. 😱 HP[-2]
You take 2 damage, and now have 5/35 hp.
Unknown command.
You closely miss something.
Something hits you but does no damage. 😱 HP[+1]
Something barely misses you.
You hear some strange, mumbled words.
A puff of flame appears from out of thin air!
The puff of flame hits you!
You die...

Skill      XL: |  1  2  3  4 |
---------------+-------------+-----
Transmutations | 3 4 |  4.1
Spellcasting   | 3 |  3.0
Fighting       | |  1.1
Dodging        | |  1.7
Unarmed Combat | |  3.0

Action                     |  1- 3 |  4- 6 || total
---------------------------+-------+-------++-------
  Melee: Unarmed           |   100 |    29 ||   129
         Kick              |     9 |     6 ||    15
         Punch             |     4 |     1 ||     5
         Headbutt          |     9 |     4 ||    13
         Tailslap          |     3 |     2 ||     5
   Cast: Beastly Appendage |    21 |     3 ||    24
         Wereblood         |     1 |     1 ||     2
         Spider Form       |       |     2 ||     2
    Use: Potion            |     3 |     1 ||     4
         Scroll            |       |     1 ||     1
 Armour: Skin              |    44 |     8 ||    52
  Dodge: Dodged            |    56 |    16 ||    72

Levels and vault maps discovered:
D:1:      lemuel_arrival_room, layout_basic, serial_shops, shop
D:2:      layout_basic, shapermc_ecumenical_altar_mp_highgroup, basic_altar
D:3:      layout_rooms

Notes
Turn   | Place    | Note
-------+----------+-------------------------------------------
     0 | D:1      | kae the Draconian Transmuter began the quest for the Orb.
     0 | D:1      | Reached XP level 1. HP: 16/16 MP: 3/3
     0 | D:1      | magus.rc [v1.11.3]
   127 | D:1      | You pick up a book of Air and begin reading...
   127 | D:1      | You add the spells Shock, Swiftness and Airstrike to your
                  | library.
   239 | D:1      | Reached XP level 2. HP: 23/23 MP: 3/5
   505 | D:1      | Found Olosoun's Armour Emporium.
   678 | D:2      | Learned a level 2 spell: Wereblood
   712 | D:2      | Reached skill level 3 in Transmutations
   712 | D:2      | Reached XP level 3. HP: 21/28 MP: 6/6
   745 | D:2      | Found a sacrificial altar of Ru.
   782 | D:2      | Became a worshipper of Ru the Awakened
   897 | D:2      | HP: 7/28 [poisoned by an adder]
   898 | D:2      | HP: 3/28 [adder (1)]
  1274 | D:2      | Found a faded altar of an unknown god.
  1345 | D:2      | HP: 7/28 [poisoned by an adder]
  1349 | D:2      | HP: 3/28 [poisoned by an adder]
  1351 | D:2      | Gained mutation: Your spells are a little harder to cast,
                  | but a little more powerful. [potion of mutation]
  1351 | D:2      | Gained mutation: Your mind is acute. (Int +4, Str/Dex -1)
                  | [potion of mutation]
  1351 | D:2      | HP: 1/28 [poisoned by an adder]
  1356 | D:2      | Reached XP level 4. HP: 7/35 MP: 6/8
  1635 | D:2      | Learned a level 3 spell: Spider Form
  1645 | D:3      | Reached skill level 3 in Spellcasting
  1645 | D:3      | Reached skill level 4 in Transmutations
  1800 | D:3      | HP: 8/35 [something/magic dart (9)]
  1805 | D:3      | Killed from afar by an orc wizard

Vanquished Creatures
  An orc priest (D:3)
  4 adders (D:2)
  4 orcs (D:3)
  A bat (D:2)
  2 endoplasms
  2 giant cockroaches (D:1)
  5 hobgoblins
  4 kobolds
  A quokka (D:2)
  4 ball pythons
  4 frilled lizards
  6 goblins
  5 rats
43 creatures vanquished.

Table legend:
 A = Non-vault XP
 B = Vault XP
 C = Vault XP percentage of total XP
 D = Non-vault monster count
 E = Vault monster count
 F = Vault count percentage of total count
                 A         B        C        D         E       F
            +---------+---------+-------+---------+---------+-------
      Total |     160 |       0 |   0.0 |      43 |       0 |   0.0
            +---------+---------+-------+---------+---------+-------
        D:1 |      22 |       0 |   0.0 |      14 |       0 |   0.0
        D:2 |      78 |       0 |   0.0 |      20 |       0 |   0.0
        D:3 |      60 |       0 |   0.0 |       9 |       0 |   0.0
            +---------+---------+-------+---------+---------+-------

Skill      XL: |  1  2  3  4 |
---------------+-------------+-----
Transmutations | 3 4 |  4.1
Spellcasting   | 3 |  3.0
Fighting       | |  1.1
Dodging        | |  1.7
Unarmed Combat | |  3.0

Action                     |  1- 3 |  4- 6 || total
---------------------------+-------+-------++-------
  Melee: Unarmed           |   100 |    29 ||   129
         Kick              |     9 |     6 ||    15
         Punch             |     4 |     1 ||     5
         Headbutt          |     9 |     4 ||    13
         Tailslap          |     3 |     2 ||     5
   Cast: Beastly Appendage |    21 |     3 ||    24
         Wereblood         |     1 |     1 ||     2
         Spider Form       |       |     2 ||     2
    Use: Potion            |     3 |     1 ||     4
         Scroll            |       |     1 ||     1
 Armour: Skin              |    44 |     8 ||    52
  Dodge: Dodged            |    56 |    16 ||    72

Illustrated notes

Table legend:
 A = Kills in this place as a percentage of kills in the entire game.
 B = Kills by you in this place as a percentage of kills by you in the entire game.
 C = Kills by friends in this place as a percentage of kills by friends in the entire game.
 D = Other kills in this place as a percentage of other kills in the entire game.
 E = Experience gained in this place as a percentage of experience gained in the entire game.
 F = Experience gained in this place divided by the number of levels of this place that you have seen.
                   A       B       C       D       E      F
               +-------+-------+-------+-------+-------+----------------------
         Total | 100.0 | 100.0 |   N/A |   N/A | 100.0 |  53.3
       Dungeon | 100.0 | 100.0 |   N/A |   N/A | 100.0 |  53.3
               +-------+-------+-------+-------+-------+----------------------

Table legend: (Time is in decaauts)
 A = Elapsed time spent in this place.
 B = Non-inter-level travel time spent in this place.
 C = Inter-level travel time spent in this place.
 D = Time resting spent in this place.
 E = Time spent auto-exploring this place.
 F = Levels seen in this place.
 G = Mean time per level.
                   A        B        C        D        E       F      G
               +--------+--------+--------+--------+--------+-----+--------+
         Total |   1800 |   1744 |     56 |    133 |   1239 |   3 |  600.0 |
       Dungeon |   1800 |   1744 |     56 |    133 |   1239 |   3 |  600.0 |
               +--------+--------+--------+--------+--------+-----+--------+

Top non-repeatable levels by time:
     D:2: 975 daAuts
     D:1: 655 daAuts
     D:3: 169 daAuts
